 Dungeon Crawl Stone Soup version 0.27-a0-1202-ge72e49191c (webtiles) character file.

Game seed: 15566268489145086807

88 mordus the Magician (level 4, -2/32 HPs)
             Began as a Djinni Earth Elementalist on June 2, 2021.
             Slain by an orc
             ... wielding a +0 hand axe
              (4 damage)
             ... on level 2 of the Dungeon.
             The game lasted 00:07:24 (2549 turns).

mordus the Magician (Djinni Earth Elementalist)     Turns: 2549, Time: 00:07:24

Health: -2/32      AC:  2    Str:  7    XL:     4   Next: 81%
Gold:   98         EV: 12    Int: 17    God:
                   SH:  0    Dex: 14

rFire    + + .     SeeInvis .   a - staff of earth
rCold    x . .     Faith    .   (no shield)
rNeg     . . .     Spirit   .   c - +0 robe
rPois    ∞         Reflect  .   (no helmet)
rElec    .         Harm     .   (no cloak)
rCorr    .         Rampage  .   (no gloves)
Will     .....                  (boots unavailable)
Stlth    ++........             (no amulet)
HPRegen  0.10/turn              (no ring)
MPRegen  0.00/turn              (no ring)

@: flying
A: sickness immunity, fire resistance 2, cold vulnerability 1, float, innate
caster, hp casting, extra vitality 1
a: no special abilities


You were on level 2 of the Dungeon.
You visited 1 branch of the dungeon, and saw 3 of its levels.

You collected 98 gold pieces.

Inventory:

Missiles
 b - 49 stones
Armour
 c - a +0 robe (worn)
 f - a +0 buckler
Magical Staves
 a - a staff of earth (weapon)
 k - a staff of cold
Scrolls
 e - 4 scrolls of magic mapping {unknown}
 i - 3 scrolls of amnesia {unknown}
 j - a scroll of enchant armour {unknown}
 l - a scroll of fog {unknown}
Potions
 d - a potion of haste {unknown}
 g - a potion of flight {unknown}
 h - a potion of mutation {unknown}


   Skills:
 + Level 1.5 Fighting
 + Level 1.3 Staves
 - Level 2.1 Dodging
 - Level 1.5 Stealth
 * Level 3.1 Spellcasting
 + Level 1.5 Evocations


You couldn't memorise any spells.
You knew the following spells:

 Your Spells              Type           Power      Damage    Failure   Level
a - Sandblast             Erth           40%        2d10      4%          1
b - Passwall              Tmut/Erth      16%        N/A       7%          2
c - Stone Arrow           Conj/Erth      40%        3d9       14%         3
d - Petrify               Tmut/Erth      20%        N/A       43%         4
e - Lee's Rapid Deconstr  Erth           10%        3d9*      78%         5
f - Beastly Appendage     Tmut           26%        N/A       4%          1
Your spell library was empty.

Dungeon Overview and Level Annotations

Branches:
Dungeon (3/15)

Altars:


Innate Abilities, Weirdness & Mutations

You are immune to sickness and miasma.
You are immune to poison.
Your flesh is very heat resistant. (rF++)
You are vulnerable to cold. (rC-)
You float through the air rather than walking.
You learn spells naturally, not from books.
Your magical power is your life essence.
You have superior vitality. (+4 HP)


Message History

Casting: Sandblast (safe; 4% risk of failure)
Confirm with . or Enter, or press ? or * to list all spells.
Aiming: Sandblast (safe; 4% risk of failure)
Press: ? - help, Shift-Dir - straight line, f/p - orc
Aim: an orc, wielding a +0 hand axe and wearing a +0 chain mail (moderately wounded, 86% to hit)
You feel a surge of power!
The blast of sand hits the orc.
The orc is heavily wounded.
Casting: Sandblast (safe; 4% risk of failure)
Confirm with . or Enter, or press ? or * to list all spells.
Aiming: Sandblast (safe; 4% risk of failure)
Press: ? - help, Shift-Dir - straight line, f/p - orc
Aim: an orc, wielding a +0 hand axe and wearing a +0 chain mail (heavily wounded, 86% to hit)
You feel a surge of power!
The blast of sand hits the orc but does no damage.
The orc is heavily wounded.
The orc barely misses you. The orc priest barely misses you.
The orc hits you with a +0 hand axe. A mysterious force pulls you upwards.
The hatch slams shut behind you.
Casting: Sandblast (safe; 4% risk of failure)
Confirm with . or Enter, or press ? or * to list all spells.
Aiming: Sandblast (safe; 4% risk of failure)
Press: ? - help, Shift-Dir - straight line, f - orc priest
Aim: an orc priest, wielding a +0 falchion and wearing a +0 scale mail (83% to hit)
You feel a surge of power!
The blast of sand hits the orc priest.
The orc priest is lightly wounded.
The orc hits you with a +0 hand axe.
* * * LOW HITPOINT WARNING * * *
Your magical contamination has completely faded away.
Casting: Sandblast (safe; 4% risk of failure)
Confirm with . or Enter, or press ? or * to list all spells.
Aiming: Sandblast (safe; 4% risk of failure)
Press: ? - help, Shift-Dir - straight line, f/p - orc priest
Aim: an orc priest, wielding a +0 falchion and wearing a +0 scale mail (lightly wounded, 83% to hit)
You feel a surge of power!
The blast of sand hits the orc priest.
The orc priest is heavily wounded.
* * * LOW HITPOINT WARNING * * *
The orc priest hits you with a +0 falchion.
* * * LOW HITPOINT WARNING * * *
The orc hits you with a +0 hand axe.
You die...

##......#.#####.####.......##)...
.............##.####..#.......###
###.....##..>............#.......
#.....##...##.####..##.#.##.##.
#########.##...###........#.##.
#.#.......###..#....##.
#######........## ##.#..####.
#...........o..# #.#..####.
#.#####:....@..## ##.#....... #.#
###..o..#.###.....#...# #.#
###...##.....##....... #.#
#....###.....#####...# #.###
#....# #.....# ##.##
#...#####..## #.....# #.#
#...#.#^#.## ####### #.#
#..P#'#'#.# ######### #.#
#...).†.#.# #.......# #.#


You could see an orc priest and an orc.

Vanquished Creatures
  A gnoll (D:2)
  An adder (D:2)
  2 worms (D:2)
  4 orcs
  6 ball pythons
  A bat (D:2)
  4 endoplasms
  2 giant cockroaches (D:1)
  3 goblins
  4 hobgoblins
  9 jackals
  3 quokkas
  3 frilled lizards (D:1)
  6 kobolds
  3 rats
52 creatures vanquished.

Notes
Turn   | Place    | Note
-------+----------+-------------------------------------------
     0 | D:1      | mordus the Djinni Earth Elementalist began the quest for
                  | the Orb.
     0 | D:1      | Reached XP level 1. HP: 15/15 MP: 0/0
   173 | D:1      | Reached XP level 2. HP: 17/22 MP: 0/0
   804 | D:1      | Reached XP level 3. HP: 23/26 MP: 0/0
   804 | D:1      | Learned a level 1 spell: Beastly Appendage
  1132 | D:1      | Reached skill level 1 in Evocations
  1389 | D:2      | Reached skill level 1 in Fighting
  1451 | D:2      | Reached skill level 1 in Staves
  1455 | D:2      | Reached XP level 4. HP: 13/32 MP: 0/0
  1683 | D:2      | Identified Sif Muna's Reference Book on Supportive
                  | Contamination
  1688 | D:2      | Reached skill level 3 in Spellcasting
  2549 | D:2      | Slain by an orc

Illustrated notes

Levels and vault maps discovered:
D:1:      dpeg_arrival_orchard, layout_loops_ring
D:2:      layout_loops_cross, cheibrodos_gnoll_hut
D:3:      layout_basic, ebering_ecumenical_altar_hall

Skill      XL: |  1  2  3  4 |
---------------+-------------+-----
Evocations     | 1 |  1.5
Fighting       | 1 |  1.5
Staves         | 1 |  1.3
Spellcasting   | 3 |  3.1
Dodging        | |  2.1
Stealth        | |  1.5

Action                   |  1- 3 |  4- 6 || total
-------------------------+-------+-------++-------
Melee: Staff             |    10 |     8 ||    18
 Cast: Sandblast         |    46 |    35 ||    81
       Beastly Appendage |     2 |       ||     2
Armor: Robe              |     3 |       ||     3
Dodge: Dodged            |    19 |    17 ||    36

Table legend: (Time is in decaauts)
 A = Elapsed time spent in this place.
 B = Non-inter-level travel time spent in this place.
 C = Inter-level travel time spent in this place.
 D = Time resting spent in this place.
 E = Time spent auto-exploring this place.
 F = Levels seen in this place.
 G = Mean time per level.
                   A        B        C        D        E       F      G
               +--------+--------+--------+--------+--------+-----+--------+
         Total |   2551 |   2509 |     42 |    742 |   1420 |   3 |  850.3 |
       Dungeon |   2551 |   2509 |     42 |    742 |   1420 |   3 |  850.3 |
               +--------+--------+--------+--------+--------+-----+--------+

Top non-repeatable levels by time:
     D:1: 1355 daAuts
     D:2: 1136 daAuts
     D:3: 59 daAuts
